 Dungeon Crawl Stone Soup version 0.23-a0-49-gd9f7a49 (webtiles) character file.

3435 CougarLife the Blocker (level 10, -2/80 HPs)
             Began as a Gnoll Fighter on Aug 6, 2018.
             Was a Believer of Okawaru.
             Slain by a two-headed ogre
             ... wielding a +0 giant spiked club
              (28 damage)
             ... on level 8 of the Dungeon.
             The game lasted 00:08:43 (6782 turns).

CougarLife the Blocker (Gnoll Fighter)              Turns: 6782, Time: 00:08:44

Health: -2/80      AC: 13    Str: 21    XL:     10   Next: 5%
Magic:  17/17      EV: 16    Int: 11    God:    Okawaru [**....]
Gold:   707        SH: 17    Dex: 15    Spells: 18/18 levels left

rFire    . . .     SeeInvis .   a - +0 war axe
rCold    . . .     Gourm    .   c - +0 shield
rNeg     . . .     Faith    .   b - +0 scale mail
rPois    .         Spirit   .   (no helmet)
rElec    .         Reflect  +   (no cloak)
rCorr    .         Harm     .   p - +2 pair of gloves
MR       .....                  (no boots)
Stlth    +++.......             y - +4 amulet of reflection
HPRegen  0.23/turn              (no ring)
MPRegen  0.15/turn              (no ring)

@: heroism
A: distributed training, fangs 1, strong nose
a: Heroism, Renounce Religion


You were on level 8 of the Dungeon.
You worshipped Okawaru.
Okawaru was pleased with you.
You were not hungry.

You visited 2 branches of the dungeon, and saw 9 of its levels.
You also visited: Ossuary.

You collected 707 gold pieces.

Inventory:

Hand Weapons
 a - a +0 war axe (weapon)
Missiles
 g - 7 tomahawks of returning (quivered)
Armour
 b - a +0 scale mail (worn)
 c - a +0 shield (worn)
 p - a +2 pair of gloves (worn)
Jewellery
 y - a +4 amulet of reflection (around neck)
Wands
 B - a wand of clouds (7)
Scrolls
 e - a scroll of enchant weapon {unknown}
 h - 2 scrolls of amnesia
 j - 2 scrolls of fog
 k - 2 scrolls of identify
 o - 4 scrolls of enchant armour
 q - 4 scrolls of remove curse
 u - a scroll of magic mapping {unknown}
 A - a scroll of random uselessness {unknown}
 D - 2 scrolls of teleportation
Potions
 d - a potion of might
 i - a potion of lignification {unknown}
 l - a potion of brilliance {unknown}
 n - 2 potions of heal wounds {unknown}
 r - 2 potions of agility {unknown}
 s - 2 potions of flight {unknown}
 t - a potion of degeneration {unknown}
 v - a potion of curing {unknown}
 w - a potion of mutation {unknown}
 x - 2 potions of berserk rage
 z - a potion of magic {unknown}
 C - a potion of haste {unknown}
Comestibles
 f - 11 rations
 m - 3 chunks of flesh


   Skills:
 + Level 8.2(13.2) Fighting
 + Level 4.8(9.8) Short Blades
 + Level 4.8(9.8) Long Blades
 + Level 6.7(11.7) Axes
 + Level 4.8(9.8) Maces & Flails
 + Level 4.8(9.8) Polearms
 + Level 4.8(9.8) Staves
 + Level 4.8(9.8) Slings
 + Level 4.8(9.8) Bows
 + Level 4.8(9.8) Crossbows
 + Level 4.8(9.8) Throwing
 + Level 8.2(13.2) Armour
 + Level 4.8(9.8) Dodging
 + Level 4.8(9.8) Stealth
 + Level 8.2(13.2) Shields
 + Level 4.8(9.8) Unarmed Combat
 + Level 4.8 Spellcasting
 + Level 3.9 Conjurations
 + Level 3.9 Hexes
 + Level 3.9 Charms
 + Level 3.9 Summonings
 + Level 3.9 Necromancy
 + Level 3.9 Translocations
 + Level 3.9 Transmutations
 + Level 3.9 Fire Magic
 + Level 3.9 Ice Magic
 + Level 3.9 Air Magic
 + Level 3.9 Earth Magic
 + Level 3.9 Poison Magic
 + Level 5.2 Invocations
 + Level 4.8 Evocations


You had 18 spell levels left.
You didn't know any spells.
Your spell library contained the following spells:

 Spells                   Type           Power        Failure   Level  Hunger
 Apportation              Tloc           ##....       12%         1    None
 Summon Small Mammal      Summ           ##..         12%         1    None
 Animate Skeleton         Necr           N/A          12%         1    None
 Summon Ice Beast         Ice/Summ       ##......     75%         4    ####...
 Call Imp                 Summ           ##......     17%         2    ##.....
 Confusing Touch          Hex            ##....       12%         1    None
 Call Canine Familiar     Summ           ##......     34%         3    ###....
 Summon Lightning Spire   Summ/Air       ##......     75%         4    ####...
 Summon Guardian Golem    Hex/Summ       ##......     34%         3    ###....


Dungeon Overview and Level Annotations

Branches:
Dungeon (8/15)             Temple (1/1) D:6
   Lair: D:8-11

Altars:
Ashenzari
Cheibriados
Dithmenos
Elyvilon
Fedhas
Gozag
Hepliaklqana
Kikubaaqudgha
Makhleb
Nemelex Xobeh
Okawaru
Qazlal
Ru
Sif Muna
Trog
Uskayaw
Vehumet
Wu Jian
Xom
Yredelemnul
Zin
The Shining One

Annotations:
D:8 exclusion: statue


Innate Abilities, Weirdness & Mutations

Your experience applies equally to all skills.
You have very sharp teeth.
Your uncanny sense of smell can sniff out nearby items.


Message History

You block the two-headed ogre's attack.
The two-headed ogre hits you with a giant club.
You barely miss the two-headed ogre.
The two-headed ogre is moderately wounded.
The two-headed ogre misses you.
The two-headed ogre hits you with a giant club!
You hit the two-headed ogre.
The two-headed ogre is moderately wounded.
You barely miss the two-headed ogre.
The two-headed ogre is moderately wounded.
The two-headed ogre closely misses you. You block the two-headed ogre's attack.
You completely miss the two-headed ogre.
You bite the two-headed ogre, but do no damage.
The two-headed ogre is moderately wounded.
You block the two-headed ogre's attack. x2
You hit the two-headed ogre.
You bite the two-headed ogre, but do no damage.
The two-headed ogre is moderately wounded.
The two-headed ogre hits you with a giant spiked club!!
You die...

###..........# ##...........##
....... ##...†........#
#...........# ..............#
#..$......... .....#........#
##............
...###........###.............
.....#.......###..............
.............<.................
...............O@..............
######.......###$..............
######..# ###............. ##.#
##........... #.# ###.÷.#.....
##.# ####)..###..∆ #..#
#..##...## # #..# #.....#..###
#.## ##..........##


You could see a two-headed ogre.

Vanquished Creatures
  An unseen horror (D:7)
  A hornet (D:8)
  A hippogriff (D:7)
  Eustachio (D:6)
  A hungry ghost (D:7)
  2 orc warriors
  2 ice beasts
  3 ogres
  A phantom (D:6)
  3 centaurs
  4 bullfrogs
  A big kobold (D:7)
  An elf zombie (Ossuary)
  2 scorpions
  A howler monkey (D:7)
  A crimson imp (D:7)
  2 bullfrog zombies
  A centaur zombie (D:5)
  3 hounds
  2 orc wizards
  3 orc priests
  A bullfrog skeleton (D:7)
  A jelly (D:8)
  A worker ant (D:7)
  A hound skeleton (D:6)
  2 mummies (Ossuary)
  4 gnolls (D:5)
  7 adders
  A shadow imp (D:5)
  2 oozes
  3 worms
  8 leopard geckos
  28 orcs
  18 bats
  8 giant cockroaches
  2 gnoll zombies (Ossuary)
  8 hobgoblins
  4 jackals
  15 kobolds
  3 quokkas
  A ball python (D:3)
  3 frilled lizards
  9 goblins
  5 goblin zombies (Ossuary)
  3 hobgoblin zombies (Ossuary)
  A jackal skeleton (D:4)
  A leopard gecko skeleton (D:6)
  A leopard gecko zombie (D:8)
  3 orc zombies (Ossuary)
  5 rats
  A plant (D:6)
187 creatures vanquished.

Vanquished Creatures (others)
  A plant (D:6)
1 creature vanquished.

Grand Total: 188 creatures vanquished

Notes
Turn   | Place    | Note
-------+----------+-------------------------------------------
     0 | D:1      | CougarLife the Gnoll Fighter began the quest for the Orb.
     0 | D:1      | Reached XP level 1. HP: 23/23 MP: 1/1
   100 | D:1      | Reached XP level 2. HP: 29/29 MP: 2/2
   516 | D:1      | Reached XP level 3. HP: 33/35 MP: 3/3
   688 | D:2      | Found a blossoming altar of Fedhas.
   694 | D:2      | Found an ancient bone altar of Kikubaaqudgha.
   724 | D:2      | Reached skill level 1 in Invocations
   911 | D:2      | Reached skill level 1 in Short Blades
   911 | D:2      | Reached skill level 1 in Long Blades
   911 | D:2      | Reached skill level 1 in Maces & Flails
   911 | D:2      | Reached skill level 1 in Polearms
   911 | D:2      | Reached skill level 1 in Staves
   911 | D:2      | Reached skill level 1 in Slings
   911 | D:2      | Reached skill level 1 in Bows
   911 | D:2      | Reached skill level 1 in Crossbows
   911 | D:2      | Reached skill level 1 in Throwing
   911 | D:2      | Reached skill level 1 in Dodging
   911 | D:2      | Reached skill level 1 in Stealth
   911 | D:2      | Reached skill level 1 in Unarmed Combat
   911 | D:2      | Reached skill level 1 in Spellcasting
   911 | D:2      | Reached skill level 1 in Evocations
   995 | D:2      | Reached XP level 4. HP: 41/41 MP: 5/5
  1256 | D:3      | Reached skill level 1 in Conjurations
  1256 | D:3      | Reached skill level 1 in Hexes
  1256 | D:3      | Reached skill level 1 in Charms
  1256 | D:3      | Reached skill level 1 in Summonings
  1256 | D:3      | Reached skill level 1 in Necromancy
  1256 | D:3      | Reached skill level 1 in Translocations
  1256 | D:3      | Reached skill level 1 in Transmutations
  1256 | D:3      | Reached skill level 1 in Fire Magic
  1256 | D:3      | Reached skill level 1 in Ice Magic
  1256 | D:3      | Reached skill level 1 in Air Magic
  1256 | D:3      | Reached skill level 1 in Earth Magic
  1256 | D:3      | Reached skill level 1 in Poison Magic
  1263 | D:3      | Reached XP level 5. HP: 14/47 MP: 5/7
  2277 | D:4      | Found a sand-covered staircase.
  2283 | Ossuary  | Entered an ossuary
  2341 | Ossuary  | Reached XP level 6. HP: 48/53 MP: 8/8
  2466 | D:4      | Reached skill level 5 in Axes
  2912 | D:4      | Reached XP level 7. HP: 59/59 MP: 10/10
  2956 | D:4      | Found a stormy altar of Qazlal.
  2956 | D:4      | Noticed a fire elemental
  2959 | D:4      | Noticed an air elemental
  3002 | D:4      | Noticed a water elemental
  3179 | D:5      | Entered Level 5 of the Dungeon
  3560 | D:5      | Reached XP level 8. HP: 67/67 MP: 12/12
  3678 | D:5      | Found a basalt altar of Yredelemnul.
  4100 | D:6      | Noticed Eustachio
  4113 | D:6      | Killed Eustachio
  4141 | D:6      | Found a white marble altar of Elyvilon.
  4300 | D:6      | Found a staircase to the Ecumenical Temple.
  4308 | Temple   | Entered the Ecumenical Temple
  4346 | Temple   | Became a worshipper of Warmaster Okawaru
  4968 | D:7      | Reached XP level 9. HP: 7/72 MP: 14/14
  5375 | D:7      | Reached * piety under Okawaru
  5628 | D:7      | Killed an unseen horror
  6220 | D:8      | Reached skill level 5 in Invocations
  6318 | D:8      | Noticed a hornet
  6329 | D:8      | Reached ** piety under Okawaru
  6364 | D:8      | Found a radiant altar of Vehumet.
  6392 | D:8      | Paralysed by a hornet for 1 turns
  6397 | D:8      | Paralysed by a hornet for 1 turns
  6400 | D:8      | Paralysed by a hornet for 3 turns
  6407 | D:8      | Killed a hornet
  6407 | D:8      | Reached XP level 10. HP: 25/80 MP: 14/17
  6762 | D:8      | Noticed a two-headed ogre
  6782 | D:8      | Slain by a two-headed ogre

Vault maps used:
D:1:      minmay_arrival_three_doors, grunt_decor_fettered, fountainhead,
          minivault_14, minmay_cut_off
D:2:      grunt_temple_overflow_growth_and_decay, first_ration
D:4:      nicolae_qazlal_style_of_elements, nicolae_ossuary_entry_plus,
          kennysheep_generic_room_12
D:5:      yredelemnul_altar_generic
D:6:      elyvilon_altar_4, temple_fountains, serial_bayou_lagoon_a,
          roderic_batcave, uniq_eustachio
D:8:      vehumet_statue
Temple:   minmay_crystal_spiral_temple
Ossuary:  minmay_ossuary_gauntlet

Skill      XL: |  1  2  3  4  5  6  7  8  9 |
---------------+----------------------------+-----
Invocations    | 1 2 3 4 5 |  5.2
Short Blades   | 1 2 3 4 |  4.8
Long Blades    | 1 2 3 4 |  4.8
Maces & Flails | 1 2 3 4 |  4.8
Polearms       | 1 2 3 4 |  4.8
Staves         | 1 2 3 4 |  4.8
Slings         | 1 2 3 4 |  4.8
Bows           | 1 2 3 4 |  4.8
Crossbows      | 1 2 3 4 |  4.8
Throwing       | 1 2 3 4 |  4.8
Dodging        | 1 2 3 4 |  4.8
Stealth        | 1 2 3 4 |  4.8
Unarmed Combat | 1 2 3 4 |  4.8
Spellcasting   | 1 2 3 4 |  4.8
Evocations     | 1 2 3 4 |  4.8
Conjurations   | 1 2 3 |  3.9
Hexes          | 1 2 3 |  3.9
Charms         | 1 2 3 |  3.9
Summonings     | 1 2 3 |  3.9
Necromancy     | 1 2 3 |  3.9
Translocations | 1 2 3 |  3.9
Transmutations | 1 2 3 |  3.9
Fire Magic     | 1 2 3 |  3.9
Ice Magic      | 1 2 3 |  3.9
Air Magic      | 1 2 3 |  3.9
Earth Magic    | 1 2 3 |  3.9
Poison Magic   | 1 2 3 |  3.9
Axes           | 5 6 |  6.7
Fighting       | 7 8 |  8.2
Armour         | 7 8 |  8.2
Shields        | 7 8 |  8.2

Action                   |  1- 3 |  4- 6 |  7- 9 | 10-12 || total
-------------------------+-------+-------+-------+-------++-------
Melee: War axe           |   121 |   159 |   303 |    38 ||   621
       Bite              |    10 |    14 |    42 |     7 ||    73
Invok: Heroism           |       |       |     2 |     1 ||     3
  Use: Scroll            |       |     3 |     6 |       ||     9
       Potion            |       |       |     2 |       ||     2
  Eat: Chunk             |     1 |     6 |     9 |     1 ||    17
       Ration            |       |       |     2 |       ||     2
Armor: Scale mail        |    43 |    50 |   108 |     3 ||   204
Dodge: Dodged            |    40 |    41 |    93 |    13 ||   187
Block: Shield            |    78 |    95 |   270 |    34 ||   477
       Reflection        |       |     3 |     3 |       ||     6

Table legend:
 A = Spawn XP
 B = Non-spawn XP
 C = Spawn XP percentage of total XP
 D = Spawn monster count
 E = Non-spawn monster count
 F = Spawn count percentage of total count
 G = Total turns spent on level
                    A         B        C        D         E        F      G
               +---------+---------+-------+---------+---------+-------+---------
         Total |       0 |    4908 |   0.0 |       0 |     186 |   0.0 |  6782
               +---------+---------+-------+---------+---------+-------+---------
           D:1 |       0 |      37 |   0.0 |       0 |      22 |   0.0 |   657
           D:2 |       0 |      46 |   0.0 |       0 |      23 |   0.0 |   491
           D:3 |       0 |     180 |   0.0 |       0 |      30 |   0.0 |  1092
           D:4 |       0 |     279 |   0.0 |       0 |      17 |   0.0 |   798
           D:5 |       0 |     551 |   0.0 |       0 |      20 |   0.0 |   561
           D:6 |       0 |     881 |   0.0 |       0 |      20 |   0.0 |  1059
           D:7 |       0 |    1845 |   0.0 |       0 |      24 |   0.0 |  1228
           D:8 |       0 |     943 |   0.0 |       0 |      14 |   0.0 |   584
       Ossuary |       0 |     146 |   0.0 |       0 |      16 |   0.0 |   141
               +---------+---------+-------+---------+---------+-------+---------
